Map: Lightshade LE

Players

FLORENCIO - Winner!

  • Race: Zerg Zerg
  • League: Platinum
  • Spawn Location: 11:00

논공저그

  • Race: Zerg Zerg
  • League: Gold
  • Spawn Location: 5:00

VOD

Have the link to the VOD?

Description

Time

  • Played on: Feb. 11, 2021, 4:06 p.m.
  • Length: 24:27
Show
View Real Time Build Order
Export as new Build Order

FLORENCIO Zerg - Winner!

Build Orders: Hatch First 

Get SALT Encoding   

  12  0:01  Drone  
  13  0:11  Drone  
  14  0:18  Overlord  
  14  0:36  Drone x2  
  14  0:37  Drone  
  17  0:49  Drone  
  18  1:05  Hatchery  
  17  1:22  Spawning Pool  
  17  1:24  Drone x2  
  18  1:28  Extractor  
  17  1:34  Drone  
  18  1:42  Drone  
  19  1:54  Drone  
  20  2:09  Zergling x2  
  20  2:11  Spine Crawler  
  20  2:12  Spine Crawler  
  20  2:14  Zergling x2  
  20  2:15  Queen, Spine Crawler  
  21  2:25  Spine Crawler  
  20  2:30  Drone  
  19  2:50  Drone x2  
  18  2:52  Zergling x6  
  21  3:02  Extractor  
  21  3:05  Drone  
  21  3:09  Queen  
  23  3:17  Drone  
  23  3:19  Drone  
  25  3:25  Drone  
  26  3:31  Spine Crawler  
  25  3:42  Spine Crawler  
  25  3:44  Drone  
  25  3:47  Drone  
  27  3:55  Drone  
  27  3:59  Overlord  
  28  4:15  Overlord  
  28  4:22  Drone x2  
  30  4:24  Drone  
  30  4:25  Drone x5  
  34  4:50  Spine Crawler  
  33  5:08  Drone  
  33  5:12  Drone x3  
  33  5:13  Roach Warren  
  36  5:27  Overlord  
  36  5:28  Overlord x2  
  36  5:30  Lair  
  36  5:38  Overlord x2  
  36  5:54  Roach x2  
  40  6:04  Drone x4  
  44  6:18  Hatchery  
  43  6:27  Glial Reconstitution  
  43  6:31  Roach  
  43  6:32  Roach x3  
  51  6:45  Drone x3  
  51  6:46  Drone  
  55  6:57  Spore Crawler x3  
  52  7:01  Spore Crawler  
  52  7:02  Spore Crawler  
  50  7:10  Hydralisk Den  
  50  7:13  Baneling Nest  
  48  7:17  Spore Crawler  
  48  7:20  Burrow  
  47  7:32  Roach x6  
  59  7:38  Spore Crawler  
  59  7:39  Spore Crawler  
  59  7:43  Drone x2  
  59  7:46  Tunneling Claws, Overlord x2  
  59  7:59  Hydralisk x2  
  59  8:00  Hydralisk  
  65  8:06  Hydralisk x2  
  69  8:14  Roach x3  
  75  8:25  Hydralisk  
  77  8:37  Extractor  
  77  8:38  Extractor  
  77  8:39  Hydralisk  
  77  8:40  Hydralisk x2  
  81  8:57  Overlord  
  81  9:01  Drone  
  82  9:21  Hydralisk  
  82  9:22  Hydralisk x2  
  88  9:25  Pneumatized Carapace  
  88  9:28  Hydralisk  
  90  9:31  Overlord x3  
  90  9:40  Roach x15  
  90  9:49  Hydralisk x3  
  90  9:50  Hydralisk x3  
  102  10:08  Roach x7  
  102  10:17  Hydralisk x4  
  110  10:22  Roach x8  
  110  10:27  Roach x6  
  96  10:35  Overseer x2  
  96  10:36  Overseer  
  96  10:48  Hydralisk x5  
  106  10:56  Hydralisk  
  100  11:00  Roach x13  
  100  11:06  Roach x6, Hydralisk x2  
  72  11:36  Hydralisk x4  
  59  11:42  Hydralisk  
  53  11:49  Hydralisk x2  
  57  12:00  Drone x7  
  57  12:01  Drone  
  65  12:05  Hatchery  
  64  12:10  Drone  
  64  12:12  Hydralisk  
  67  12:22  Hydralisk x3  
  71  12:28  Muscular Augments  
  73  12:49  Hydralisk  
  73  12:50  Hydralisk x3  
  81  13:06  Hydralisk  
  81  13:07  Hydralisk x2  
  87  13:14  Hydralisk  
  87  13:15  Hydralisk  
  89  13:28  Spine Crawler  
  88  13:43  Spine Crawler x2, Spore Crawler  
  88  13:46  Spine Crawler x2  
  83  14:05  Overseer  
  83  14:31  Drone x3  
  86  14:34  Extractor  
  86  14:35  Extractor  
  84  14:41  Spire  
  83  15:07  Overseer  
  83  15:12  Drone x4  
  83  15:13  Drone x2  
  89  15:31  Drone  
  90  15:42  Hydralisk, Hatchery  
  89  15:58  Mutalisk x5  
  89  15:59  Mutalisk  
  101  16:20  Hydralisk x23  
  101  16:51  Mutalisk x6  
  73  17:01  Hydralisk  
  69  17:09  Mutalisk  
  71  17:19  Drone  
  71  17:20  Drone x2  
  72  17:30  Drone  
  73  17:38  Hydralisk x4  
  81  17:46  Spine Crawler  
  81  17:47  Spine Crawler x2  
  81  17:50  Zergling x2, Spine Crawler x2  
  81  17:51  Spine Crawler x2  
  76  17:55  Drone, Spine Crawler  
  76  17:56  Queen  
  76  17:57  Hydralisk, Spine Crawler  
  72  18:18  Mutalisk x2  
  76  18:30  Drone x3  
  79  18:35  Drone x13  
  79  18:36  Drone x3  
  79  18:38  Extractor  
  79  18:40  Extractor  
  93  19:11  Mutalisk x4  
  101  19:17  Hatchery  
  100  19:53  Hatchery  
  99  20:03  Hatchery  
  98  20:09  Spore Crawler  
  98  20:11  Drone x3, Spore Crawler  
  99  20:16  Overlord x4  
  99  20:17  Overlord x2  
  99  20:44  Hydralisk  
  99  20:45  Hydralisk x11  
  123  20:52  Hydralisk x4  
  131  21:04  Hydralisk x3  
  131  21:05  Hydralisk  
  135  21:45  Hydralisk x10  
  135  21:46  Hydralisk  
  143  22:13  Hydralisk x7  
  153  22:24  Hydralisk x4  
  153  22:33  Hydralisk x4  
  153  22:34  Hydralisk  
  163  22:52  Hydralisk x2  
  163  22:53  Hydralisk  
Show
View Real Time Build Order
Export as new Build Order

논공저그 Zerg 

Build Orders: Pool First, Lurkers, Muta Ling Bane 

Get SALT Encoding   

  12  0:02  Extractor  
  11  0:22  Spawning Pool  
  11  0:28  Drone  
  11  0:32  Drone  
  12  0:40  Drone  
  13  0:52  Overlord  
  13  1:08  Metabolic Boost  
  13  1:10  Zergling x2  
  14  1:12  Zergling x2  
  14  1:16  Zergling x2  
  16  1:21  Zergling x2  
  17  1:32  Queen  
  19  1:35  Zergling x2  
  20  2:03  Hatchery  
  19  2:12  Drone x2  
  21  2:28  Overlord  
  21  2:29  Drone  
  22  2:48  Zergling x8  
  22  2:58  Zergling x2  
  23  3:01  Baneling Nest  
  21  3:09  Zergling x2  
  22  3:23  Queen  
  22  3:26  Drone  
  24  3:45  Drone x2  
  25  3:56  Drone x5  
  30  4:03  Baneling x4  
  30  4:07  Drone  
  31  4:22  Lair  
  31  4:25  Overlord, Extractor  
  31  4:26  Drone  
  30  4:45  Drone x3  
  30  4:50  Drone x2  
  30  4:51  Drone  
  33  5:00  Drone x2  
  33  5:01  Drone, Overlord  
  36  5:22  Spire  
  36  5:25  Extractor  
  34  5:30  Extractor  
  33  5:37  Drone x7  
  33  5:38  Drone  
  41  6:02  Hatchery  
  40  6:11  Overseer  
  40  6:15  Overlord  
  40  6:41  Mutalisk x2  
  40  6:42  Mutalisk x6  
  40  6:44  Overlord x2  
  56  6:57  Mutalisk, Overlord  
  56  7:00  Drone x2  
  60  7:22  Hydralisk Den  
  59  7:25  Drone x2, Queen, Evolution Chamber  
  62  7:41  Drone  
  62  7:42  Drone x13  
  76  8:03  Zerg Melee Weapons Level 1  
  76  8:11  Lurker Den  
  75  8:21  Hydralisk x2  
  75  8:22  Hydralisk x4  
  75  8:25  Hatchery  
  86  8:48  Overlord x2  
  86  8:57  Centrifical Hooks  
  86  9:11  Hydralisk x7  
  86  9:12  Hydralisk x3  
  86  9:13  Overlord x2  
  86  9:14  Overlord  
  106  9:38  Drone, Queen  
  107  9:43  Lurker x4  
  107  9:44  Lurker  
  114  9:50  Drone x4  
  99  10:17  Hydralisk x4  
  99  10:18  Hydralisk x5  
  99  10:19  Zergling x2  
  99  10:20  Zergling x8  
  122  10:29  Lurker  
  118  10:41  Overseer  
  106  10:54  Lurker x2  
  97  11:26  Lurker  
  97  11:27  Lurker  
  80  11:46  Zergling x6  
  69  11:50  Extractor x2  
  61  11:58  Lurker  
  62  12:02  Spore Crawler  
  62  12:04  Spore Crawler  
  60  12:21  Hatchery  
  59  12:31  Zerg Missile Weapons Level 1  
  60  12:37  Drone x4  
  63  12:44  Hatchery  
  62  12:55  Lurker x2  
  55  13:32  Lurker x2  
  52  13:55  Baneling  
  52  13:56  Baneling x7  
  52  13:57  Zergling x26  
  65  14:19  Baneling x5  
  65  14:44  Drone  
  65  14:45  Drone x2  
  64  15:08  Drone x2  
  64  15:09  Queen  
  68  15:32  Lurker  
  68  15:45  Hatchery  
  50  16:32  Zergling x22  
  61  16:33  Zergling x4  
  36  17:01  Spore Crawler  
  36  17:03  Spore Crawler  
  36  17:07  Spore Crawler  
  21  17:44  Hydralisk x4  
  26  18:20  Queen  
  28  18:30  Drone x4, Spore Crawler  
  30  18:57  Lurker x4  
  34  19:07  Drone x2  
  36  19:15  Spore Crawler  
  34  19:41  Drone x2  
  34  19:42  Drone x4  
  28  20:18  Spore Crawler  
  27  20:39  Mutalisk x4  
  27  20:40  Mutalisk x4  
  43  20:45  Mutalisk  
  45  20:56  Mutalisk  
  47  21:16  Spore Crawler  
  47  21:18  Spore Crawler  
  40  21:57  Queen  
  40  22:15  Zergling x2  
  40  22:16  Zergling x10  
  34  22:53  Zergling x34  
  34  22:54  Zergling x20  
  31  23:16  Baneling x4  
  8  23:57  Zergling x6  
  8  23:58  Zergling x2  
Tags
 
Add a new tag
Caveats
  • Supply blocks, unpowered buildings, or Contaminate may cause inaccurate times.
  • Supply counts are checked every 10 seconds.